 Dungeon Crawl Stone Soup version 0.27-a0-1140-g099f9bb0e8 (webtiles) character file.

Game seed: 17996920620618859072

15 CurlyBrace the Chiller (level 2, 0/12 HPs)
             Began as a Felid Ice Elementalist on May 10, 2021.
             Slain by an ufetubus (3 damage)
             ... on level 5 of the Dungeon.
             The game lasted 00:02:21 (291 turns).

CurlyBrace the Chiller (Felid Ice Elementalist)      Turns: 291, Time: 00:02:22

Health: 0/12       AC:  1    Str:  4    XL:     2   Next: 34%
Magic:  6/6        EV: 17    Int: 16    God:
Gold:   25         SH:  0    Dex: 16    Spells: 4/5 levels left
                                        Lives:  0   Deaths: 0

rFire    . . .     SeeInvis +     - Unarmed
rCold    . . .     Faith    .   (shield unavailable)
rNeg     . . .     Spirit   .   (armour unavailable)
rPois    .         Reflect  .   (helmet unavailable)
rElec    .         Harm     .   (cloak unavailable)
rCorr    .         Rampage  .   (gloves unavailable)
Will     .....                  (boots unavailable)
Stlth    ++........             (no amulet)
HPRegen  0.04/turn              (no ring)
MPRegen  0.10/turn              (no ring)

@: quick
A: very small, claws 1, fangs 3, see invisible, speed 1, shaggy fur 1, stealthy
paws, no weapons or thrown items, no armour, multi-lived
a: no special abilities


You were on level 5 of the Dungeon.
You visited 1 branch of the dungeon, and saw 5 of its levels.

You collected 25 gold pieces.

Inventory:

Potions
 a - a potion of cancellation


   Skills:
 * Level 1.1 Fighting
 + Level 2.9 Dodging
 - Level 3.0 Stealth
 * Level 1.0 Unarmed Combat
 - Level 2.0 Spellcasting
 - Level 3.6 Ice Magic


You had 4 spell levels left.
You knew the following spells:

 Your Spells              Type           Power      Damage    Failure   Level
a - Freeze                Ice            52%        1d7       4%          1

Your spell library contained the following spells:

 Spells                   Type           Power      Damage    Failure   Level
 Frozen Ramparts          Ice            26%        1d4       14%         3
 Ozocubu's Armour         Ice            13%        N/A       14%         3
 Hailstorm                Conj/Ice       7%         3d4       69%         4
 Metabolic Englaciation   Hex/Ice        3%         N/A       95%         5


Dungeon Overview and Level Annotations

Branches:
Dungeon (5/15)
 Temple: D:4-7

Altars:


Innate Abilities, Weirdness & Mutations

You have sharp claws.
You have razor-sharp teeth.
You have supernaturally acute eyesight. (SInv)
You cover ground quickly. (Speed+)
You are covered in fur. (AC +1)
Your paws help you pounce on unaware monsters.
You are incapable of wielding weapons or throwing items.
You cannot wear armour.
You gain extra lives every three experience levels.


Message History

Found 12 gold pieces and 2 coppery potions.
There is a stone staircase leading up here.
Found a whip.
Found a stone staircase leading down.
You see here 12 gold pieces.
You now have 25 gold pieces (gained 12).
You see here 2 coppery potions.
a - 2 coppery potions A phantom comes into view.
There is a stone staircase leading down here.
You climb downwards.
There is a stone staircase leading up here.
You open the door.
There is an open door here.
As you open the door, it creaks loudly!
An ogre comes into view. It is wielding a +0 giant club.
The ogre shouts!
Found 13 gold pieces.
The ogre hits you with a +0 giant club.
There is an open door, spattered with blood here.
Found 19 stones.
Found a viscous emerald potion.
You see here a viscous emerald potion.
It was a potion of heal wounds.
You feel much better.
An ufetubus comes into view.
The ufetubus shouts!
Found 12 arrows.
The ufetubus misses you. The ufetubus barely misses you.
Press: ? - help, v - describe, . - travel
Here: an ufetubus The floor.
The ufetubus completely misses you. The ufetubus closely misses you.
It was a potion of cancellation.
You feel magically purged. The ufetubus hits you. x2
The ufetubus misses you. The ufetubus barely misses you.
The ufetubus barely misses you. The ufetubus completely misses you.
You open the door. The ufetubus hits you.
* * * LOW HITPOINT WARNING * * *
The ufetubus barely misses you. The ufetubus hits you.
You die...

#......# ...#
+#......##+### ....#
.............# ....#
.............# ....###
.............##+#.......
........O..O............
..#########+#...........
..# #........... ..#
#..5@####.. .O#
#....'.<# ..#+####
#....#..# #......#
#....#..# #......#
#....# .+ #......#
+....+ .#
#......####+#....# #
#................#
#................


You could see an ogre and an ufetubus.

Vanquished Creatures
  An adder (D:2)
  A kobold (D:3)
  A quokka (D:3)
  2 ball pythons
  A frilled lizard (D:3)
  A goblin (D:3)
  A rat (D:2)
8 creatures vanquished.

Vanquished Creatures (others)
  A plant (D:5)
1 creature vanquished.

Grand Total: 9 creatures vanquished

Notes
Turn   | Place    | Note
-------+----------+-------------------------------------------
     0 | D:1      | CurlyBrace the Felid Ice Elementalist began the quest for
                  | the Orb.
     0 | D:1      | Reached XP level 1. HP: 7/7 MP: 4/4
    46 | D:2      | Reached skill level 1 in Fighting
    46 | D:2      | Reached XP level 2. HP: 4/12 MP: 0/6
    64 | D:3      | Reached skill level 1 in Unarmed Combat
   232 | D:4      | Noticed a phantom
   238 | D:5      | Entered Level 5 of the Dungeon
   249 | D:5      | Noticed an ogre
   291 | D:5      | Slain by an ufetubus

Illustrated notes

Levels and vault maps discovered:
D:1:      giann_horns, layout_loops_ring, minmay_misc_feat_secret_circle,
          kennysheep_decorative_pillar, nrook_uturn,
          chequers_serial_rivers_large_a
D:2:      layout_basic, minmay_gold_behind_fungi
D:3:      layout_basic
D:4:      layout_cave_pools, hangedman_decor_slide_cut, kennysheep_small_square,
          uniq_edmund, uniq_robin
D:5:      layout_gridville, minmay_temple_entry_gardened_gates, serial_shops,
          shop, uniq_sigmund

Skill      XL: |  1  2 |
---------------+-------+-----
Fighting       | 1 |  1.1
Stealth        | 3 |  3.0
Unarmed Combat | 1 |  1.0
Dodging        | |  2.9
Spellcasting   | |  2.0
Ice Magic      | |  3.6

Action                   || total
-------------------------++-------
Melee: Unarmed           ||    10
 Cast: Freeze            ||    10
  Use: Potion            ||     2
 Stab: Sleeping          ||     1
Armor: Skin              ||     1
Dodge: Dodged            ||    21

Table legend: (Time is in decaauts)
 A = Elapsed time spent in this place.
 B = Non-inter-level travel time spent in this place.
 C = Inter-level travel time spent in this place.
 D = Time resting spent in this place.
 E = Time spent auto-exploring this place.
 F = Levels seen in this place.
 G = Mean time per level.
                   A        B        C        D        E       F      G
               +--------+--------+--------+--------+--------+-----+--------+
         Total |    240 |    240 |      0 |      0 |      0 |   5 |   48.0 |
       Dungeon |    240 |    240 |      0 |      0 |      0 |   5 |   48.0 |
               +--------+--------+--------+--------+--------+-----+--------+

Top non-repeatable levels by time:
     D:3: 137 daAuts
     D:5: 43 daAuts
     D:2: 31 daAuts
     D:1: 17 daAuts
     D:4: 10 daAuts
